 Dungeon Crawl Stone Soup version 0.31-a0-1549-g5ff9445e89 (webtiles) character file.

Game seed: 15949498889842066671

57100 Implojin the Spry (level 15, -3/86 HPs)
             Began as a Kobold Artificer on Jan 2, 2024.
             Was a High Priest of Hepliaklqana.
             Killed from afar by a fire giant (39 damage)
             ... with a bolt of fire
             ... on level 12 of the Dungeon.
             The game lasted 00:49:56 (19362 turns).

Implojin the Spry (Kobold Artificer)               Turns: 19362, Time: 00:49:56

Health: -3/86      AC: 16    Str: 10    XL:     15   Next: 24%
Magic:  17/21      EV: 32    Int: 13    God:    Hepliaklqana [*****.]
Gold:   1292       SH:  0    Dex: 22    Spells: 14/14 levels left

rFire   . . .        V - +3 short sword
rCold   . . .        (no shield)
rNeg    . . .        X - +0 acid dragon scales
rPois   +            Y - +2 helmet
rElec   .            i - +0 cloak
rCorr   +            Q - +2 pair of gloves
SInv    .            (no boots)
Will    +....        e - amulet of regeneration
Stlth   +++++++      F - ring of poison resistance
HPRegen 1.14/turn    O - +5 ring of evasion
MPRegen 0.17/turn

%: no passive effects
@: about to teleport, studying 2 skills
A: reduced essence, small, no large weapons, nightstalker 3
a: Renounce Religion, Recall Ancestor, Ancestor Identity, Transference, Idealise


You were on level 12 of the Dungeon.
You worshipped Hepliaklqana.
Hepliaklqana was extremely pleased with you.
You visited 2 branches of the dungeon, and saw 17 of its levels.
You also visited: Bailey.

You collected 1391 gold pieces.
You spent 99 gold pieces at shops.

Inventory:

Hand Weapons
 K - a +1 short sword of venom
 L - a +1 dagger of speed
 V - a +3 short sword (weapon)
Missiles
 q - 12 boomerangs
 t - 3 darts of dispersal
 I - 3 curare-tipped darts
 M - 4 throwing nets (quivered)
 T - 9 poisoned darts
Armour
 a - the +0 helmet of the Bruised Ghosts {rElec rPois}
   (You found it in a bailey)

   rElec:     It insulates you from electricity.
   rPois:     It protects you from poison
 b - a +0 kite shield
 i - a +0 cloak (worn)
 n - a +3 plate armour of fire resistance
 N - +0 fire dragon scales
 Q - a +2 pair of gloves (worn)
 X - +0 acid dragon scales (worn)
 Y - a +2 helmet (worn)
 Z - a +0 leather armour of willpower
Jewellery
 e - an amulet of regeneration (around neck)
 f - a ring of ice
 s - a ring of see invisible
 y - a +6 ring of strength
 F - a ring of poison resistance (left hand)
 O - a +5 ring of evasion (right hand)
 P - a ring of flight
 U - a ring of protection from fire
Wands
 c - a wand of flame (35)
 d - a wand of charming (9)
 k - a wand of digging (6)
 o - a wand of polymorph (5)
 C - a wand of roots (2)
 R - a wand of paralysis (3)
Scrolls
 g - 3 scrolls of enchant weapon
 h - 6 scrolls of immolation
 m - 4 scrolls of fear
 p - a scroll of acquirement {unknown}
 v - a scroll of brand weapon
 x - a scroll of poison
 z - 2 scrolls of blinking
 A - 5 scrolls of fog
 D - a scroll of revelation {unknown}
 G - 2 scrolls of vulnerability
 H - 5 scrolls of teleportation
 S - a scroll of identify
Potions
 j - a potion of brilliance {unknown}
 l - a potion of cancellation
 r - a potion of magic {unknown}
 u - 2 potions of haste {unknown}
 w - 10 potions of curing
 B - a potion of berserk rage
 E - a potion of invisibility
 J - 3 potions of enlightenment
 W - 2 potions of attraction {unknown}


   Skills:
 - Level 12.0 Fighting
 - Level 14.0 Short Blades
 - Level 4.0 Throwing
 - Level 8.0 Armour
 * Level 16.7 Dodging
 - Level 14.0 Stealth
 - Level 8.0 Invocations
 - Level 9.0 Evocations


You had 14 spell levels left.
You didn't know any spells.
Your spell library contained the following spells:

 Spells                   Type           Power      Damage    Failure   Level
 Blink                    Tloc           0%         N/A       56%         2
 Jinxbite                 Hex            0%         N/A       56%         2
 Lesser Beckoning         Tloc           0%         N/A       56%         2
 Momentum Strike          Conj/Tloc      0%         3d8       56%         2
 Fugue of the Fallen      Necr           0%         N/A       80%         3
 Hailstorm                Conj/Ice       0%         3d5       80%         3
 Ozocubu's Armour         Ice            0%         N/A       80%         3
 Summon Ice Beast         Ice/Summ       0%         N/A       80%         3
 Tukima's Dance           Hex            0%         N/A       80%         3
 Dimensional Bullseye     Hex/Tloc       0%         N/A       99%         4
 Iskenderun's Mystic Bla  Conj/Tloc      0%         2d3       99%         4
 Leda's Liquefaction      Alch/Erth      0%         N/A       99%         4
 Manifold Assault         Tloc           0%         N/A       99%         4
 Vhi's Electric Charge    Tloc/Air       0%         N/A       99%         4
 Arcjolt                  Conj/Air       0%         1d10      100%        5
 Lee's Rapid Deconstruct  Erth           0%         3d4*      100%        5
 Yara's Violent Unravell  Hex/Alch       0%         3d3       100%        5
 Bombard                  Conj/Erth      0%         9d1       100%        6
 Sculpt Simulacrum        Ice/Alch       0%         N/A       100%        6
 Enfeeble                 Hex            0%         N/A       100%        7
 Maxwell's Capacitive Co  Air            0%         ∞         100%        8


Dungeon Overview and Level Annotations

Branches:
Dungeon (12/15)            Temple (0/1) D:4            Lair (5/5) D:10
  Swamp (0/4) Lair:3       Spider (0/4) Lair:2        Slime (0/5) Lair:5
    Orc (0/2) D:12         Bailey (visited)

Altars:
Cheibriados
Fedhas
Hepliaklqana
Kikubaaqudgha
Makhleb
Sif Muna
Uskayaw
Yredelemnul
Zin

Shops:
D:1 [   D:6 :   D:10 (


Innate Abilities, Weirdness & Mutations

Your life essence is reduced to manifest your ancestor. (-10% HP)
You are small and have problems with some larger weapons.
You are completely attuned to the shadows.


Message History

🦀 drains the centaur warrior.
The centaur warrior hits 🦀.
The centaur warrior kicks 🦀. 🦀 hits the centaur warrior with a +0 dagger of draining! 🦀 drains the centaur warrior. 🦀 barely misses the centaur warrior.
You swap places.
The centaur warrior completely misses you.
The centaur warrior barely misses you.
You strike the helpless centaur warrior from behind!
You stick the centaur warrior like a pincushion!!!
You kill the centaur warrior!
Things that are here:
a +0 orcbow; a centaur corpse Danger: fire giant |T2| Reason: OOD monster, careful!
Danger: fire giant |T2| Reason: OOD monster, careful!
Hepliaklqana grants 🦀 healing and protection!
The fire giant points at you and mumbles some strange words.
The fireball explodes!
The fireball engulfs you!!
The fireball engulfs 🦀!! 🦀 resists.
You hear a screech!
Unknown command.
You swap places.
The fire giant casts a spell at you.
The fireball explodes!
The fireball engulfs you!!
The fireball engulfs 🦀! 🦀 resists.
The fireball engulfs the fire giant!
The fire giant resists.
Danger: Low HP Warning |T2| Reason: 26% HP (23/86) Unknown command.
You swap places.
Something hits 🦀!! 🦀 is destroyed!
Unknown command.
As you read the scroll of teleportation, it crumbles to dust.
You feel strangely unstable.
Danger: fire giant |T2| Reason: OOD monster, careful!
Unknown command.
Unknown command.
Okay, then.
You feel better.
The fire giant gestures at you while chanting.
The bolt of fire hits you!!!
You die...

####..#######......#............#
............'......'..%>......#.#
####..#######......#.#.....##.#.#
...#..# ########.##.#..##.#..
...#..# #........##.#.. ...#..#
##############........... ...#..#
...........R.#...).##.#.#
...#..######.#######.#.........<.
......#......##.@....#.....##.###
......#.#######C######.....##.#
####..#.)....##......#.....##.###
####..######.#######Y#..#..##....
.............# !$$..#.....######
#####..).....# ?($C(#..#........
#...#.######.#######.#..#########
#R#R#.#......##......#...........
#.#...#)#######.#######.#########


You could see a fire giant.

Vanquished Creatures
  A tentacled starspawn (Lair:1)
  A stone giant (D:12)
  2 fire dragons
  A hydra (Lair:3)
  A catoblepas (Lair:1)
  Erica (D:11)
  4 centaur warriors (D:12)
  3 two-headed ogres
  3 boulder beetles
  5 death yaks (Lair:1)
  A tengu warrior (D:12)
  A skyshark (Lair:5)
  A swamp dragon (Lair:5)
  A deep elf pyromancer (D:12)
  An oklob plant (Lair:5)
  2 cyclopes
  2 manticores
  5 elephants
  10 black mambas
  A cane toad (shapeshifter) (D:12)
  4 torpor snails (Lair:2)
  A gargoyle (D:11)
  11 cane toads
  5 komodo dragons
  3 rime drakes
  7 trolls
  3 polar bears
  A hornet (D:10)
  8 blink frogs
  2 dream sheep (Lair:5)
  Sigmund (D:6)
  2 culicivoras (Lair:2)
  A shadow (D:11)
  6 slime creatures
  2 wyverns
  26 yaks
  A wraith (D:12)
  A human (Lair:1)
  4 steam dragons
  3 vampire mosquitoes (D:12)
  3 acid dragons
  9 water moccasins
  7 orc warriors
  3 sky beasts (D:7)
  2 black bears
  2 ice beasts
  A centaur (D:8)
  3 wolves (Lair:2)
  A kobold brigand (D:10)
  11 bullfrogs
  A scorpion (D:4)
  5 wights (D:7)
  5 killer bees
  A bombardier beetle (D:5)
  2 electric eels
  4 crimson imps (D:7)
  2 howler monkeys
  2 orc priests (D:8)
  A sleepcap (D:8)
  4 iguanas
  6 orc wizards
  A howler monkey zombie (D:4)
  7 gnolls
  4 adders
  2 shadow imps (D:7)
  A white imp (D:7)
  3 ufetubi
  34 orcs
  5 ball pythons
  4 bats
  5 endoplasms
  2 giant cockroaches
  7 goblins
  3 hobgoblins
  3 quokkas
  2 training dummies (D:10)
  4 frilled lizards
  11 kobolds
  2 rats
314 creatures vanquished.

Vanquished Creatures (collateral kills)
  2 hydras (Lair:5)
  A two-headed ogre (D:9)
  An orc knight (Bailey)
  An oklob plant (Lair:5)
  4 elephants
  A torpor snail (Lair:2)
  A rime drake (Lair:2)
  2 komodo dragons (Lair:5)
  2 trolls
  2 dream sheep (Lair:5)
  3 blink frogs (Lair:4)
  A slime creature (Lair:5)
  A shadow (D:10)
  A wyvern (D:8)
  2 steam dragons (D:8)
  2 basilisks
  12 yaks
  2 acid dragons
  4 water moccasins
  A swamp drake (Lair:5)
  2 orc warriors (Bailey)
  A wolf (Lair:2)
  A centaur (D:8)
  2 bullfrogs
  2 gnoll sergeants
  A scorpion (D:5)
  3 wights (D:7)
  3 killer bees (D:10)
  A howler monkey (D:11)
  5 crimson imps (D:7)
  2 jellies
  8 orc priests
  A hound (D:6)
  2 sleepcaps (D:6)
  5 iguanas
  8 orc wizards
  A scorpion zombie (D:4)
  6 gnolls
  5 adders
  2 white imps
  26 orcs
  An endoplasm (D:3)
  2 goblins (D:9)
  A training dummy (D:10)
  A frilled lizard (D:3)
  4 kobolds
142 creatures vanquished.

Vanquished Creatures (others)
  A hound (D:5)
  2 orc wizards
  7 hexers
  2 starspawn tentacles (Lair:1)
12 creatures vanquished.

Grand Total: 468 creatures vanquished

Notes
Turn   | Place    | Note
-------+----------+-------------------------------------------
     0 | D:1      | Implojin the Kobold Artificer began the quest for the Orb.
     0 | D:1      | Reached XP level 1. HP: 12/12 MP: 1/1
   217 | D:1      | Reached XP level 2. HP: 15/16 MP: 2/2
   293 | D:1      | Reached skill level 1 in Short Blades
   304 | D:1      | Found Texae's Armour Shop.
   673 | D:2      | Found a hazy altar of Hepliaklqana.
   684 | D:2      | Became a worshipper of Hepliaklqana the Forgotten
   692 | D:2      | Reached XP level 3. HP: 13/20 MP: 3/3
  1626 | D:3      | Found a burning altar of Makhleb.
  1654 | D:3      | Reached XP level 4. HP: 24/25 MP: 4/4
  1663 | D:3      | Found a faded altar of an unknown god.
  1763 | D:3      | Reached * piety under Hepliaklqana
  2789 | D:1      | Bought a +0 helmet for 63 gold pieces
  2873 | D:4      | Noticed a scorpion
  2876 | D:4      | Killed a scorpion
  2877 | D:4      | Reached XP level 5. HP: 23/27 MP: 5/5
  3259 | D:4      | Reached skill level 5 in Stealth
  3462 | D:4      | Reached XP level 6. HP: 31/31 MP: 6/6
  3472 | D:4      | Found a basalt altar of Yredelemnul.
  3540 | D:4      | Found a staircase to the Ecumenical Temple.
  3621 | D:4      | Reached ** piety under Hepliaklqana
  3622 | D:4      | Remembered your ancestor 🦀 as a hexer
  3722 | D:4      | Reached skill level 5 in Short Blades
  3963 | D:5      | Entered Level 5 of the Dungeon
  4017 | D:5      | Noticed a troll
  4226 | D:5      | Reached XP level 7. HP: 26/36 MP: 7/7
  4277 | D:5      | Reached skill level 3 in Dodging
  4308 | D:5      | Reached skill level 4 in Dodging
  4339 | D:5      | Reached skill level 5 in Dodging
  4417 | D:5      | Killed a troll
  4418 | D:5      | Reached skill level 6 in Dodging
  4418 | D:5      | Reached XP level 8. HP: 29/39 MP: 5/8
  4818 | D:5      | Reached skill level 7 in Dodging
  5646 | D:6      | Reached skill level 8 in Dodging
  5723 | D:6      | Noticed Sigmund
  5741 | D:6      | Killed Sigmund
  5742 | D:6      | Reached skill level 5 in Fighting
  5762 | D:6      | Found Reghe's Book Shop.
  5907 | D:6      | Reached XP level 9. HP: 45/51 MP: 9/9
  6233 | D:6      | Found an ancient bone altar of Kikubaaqudgha.
  6434 | D:7      | Reached skill level 5 in Evocations
  6652 | D:7      | Reached *** piety under Hepliaklqana
  7335 | D:7      | Reached skill level 10 in Stealth
  7344 | D:7      | Reached XP level 10. HP: 56/56 MP: 10/10
  7423 | D:8      | Reached skill level 9 in Dodging
  7640 | D:8      | Reached skill level 10 in Dodging
  7830 | D:8      | Reached skill level 11 in Dodging
  8390 | D:9      | Noticed a two-headed ogre
  8395 | D:9      | Killed a two-headed ogre
  8396 | D:9      | Reached skill level 12 in Dodging
  8464 | D:9      | Found a hide-covered altar of Uskayaw.
  8464 | D:9      | Found a hazy altar of Hepliaklqana.
  8500 | D:9      | Reached **** piety under Hepliaklqana
  8506 | D:9      | Noticed a two-headed ogre
  8516 | D:9      | Killed a two-headed ogre
  8517 | D:9      | Reached XP level 11. HP: 47/60 MP: 11/11
  8583 | D:9      | Found a flagged portal.
  8603 | Bailey   | Entered a bailey
  8773 | Bailey   | Noticed an orc knight
  8779 | Bailey   | Killed an orc knight
  8819 | Bailey   | Identified the +0 helmet of the Bruised Ghosts {rElec
                  | rPois}
  9106 | D:9      | Reached skill level 10 in Short Blades
  9281 | D:9      | Found a shimmering blue altar of Sif Muna.
  9530 | D:10     | Entered Level 10 of the Dungeon
  9595 | D:10     | Found a staircase to the Lair.
  9710 | D:10     | Noticed a two-headed ogre
  9721 | D:10     | Killed a two-headed ogre
  9722 | D:10     | Reached skill level 10 in Fighting
 10100 | D:10     | Found Japopp's Firing Range.
 10105 | D:10     | Bought 2 curare-tipped darts for 36 gold pieces
 10138 | D:10     | Reached ***** piety under Hepliaklqana
 10443 | D:10     | Found a glowing silver altar of Zin.
 10666 | D:11     | Noticed a cyclops
 10677 | D:11     | Killed a cyclops
 10678 | D:11     | Reached XP level 12. HP: 72/72 MP: 12/12
 11288 | D:11     | Noticed Erica
 11293 | D:11     | Killed Erica
 11514 | Lair:1   | Entered Level 1 of the Lair of Beasts
 12162 | Lair:1   | Noticed a death yak
 12162 | Lair:1   | Noticed a death yak
 12163 | Lair:1   | Noticed a death yak
 12164 | Lair:1   | Noticed a death yak
 12166 | Lair:1   | Noticed a death yak
 12172 | Lair:1   | Killed a death yak
 12176 | Lair:1   | Killed a death yak
 12205 | Lair:1   | Killed a death yak
 12244 | Lair:1   | Killed a death yak
 12281 | Lair:1   | Killed a death yak
 12282 | Lair:1   | Reached skill level 5 in Invocations
 12569 | Lair:1   | Reached XP level 13. HP: 77/77 MP: 17/17
 12602 | Lair:1   | Noticed a catoblepas
 12606 | Lair:1   | Killed a catoblepas
 12735 | Lair:1   | Found a runed translucent door.
 12744 | Lair:1   | Noticed a tentacled starspawn
 12762 | Lair:1   | Killed a tentacled starspawn
 12928 | Lair:2   | Found a hole to the Spider Nest.
 13826 | Lair:2   | Found a snail-covered altar of Cheibriados.
 13859 | Lair:2   | Reached skill level 5 in Armour
 14064 | Lair:3   | Noticed a five-headed hydra
 14073 | Lair:3   | Killed a five-headed hydra
 14781 | Lair:3   | Found a staircase to the Swamp.
 15420 | Lair:4   | Reached XP level 14. HP: 75/82 MP: 20/20
 16110 | Lair:5   | Entered Level 5 of the Lair of Beasts
 16126 | Lair:5   | Found a staircase to the Slime Pits.
 16500 | Lair:5   | Reached skill level 13 in Dodging
 16784 | Lair:5   | Found a blossoming altar of Fedhas.
 16886 | Lair:5   | Reached skill level 14 in Dodging
 17724 | Lair:5   | Reached skill level 15 in Dodging
 18560 | D:12     | Found a staircase to the Orcish Mines.
 18685 | D:12     | Reached XP level 15. HP: 86/86 MP: 21/21
 18854 | D:12     | Reached skill level 16 in Dodging
 18962 | D:12     | Noticed a stone giant
 18962 | D:12     | Noticed a fire giant
 18968 | D:12     | Killed a stone giant
 19362 | D:12     | Killed from afar by a fire giant

Illustrated notes

Levels and vault maps discovered:
D:1:      matt_arrival_refuge, layout_rooms, serial_shops, shop
D:2:      layout_loops_ring, basic_altar
D:3:      layout_loops_corners, bloody_makhleb,
          hellmonk_ecumenical_altar_arch_garden
D:4:      layout_loops_cross, lemuel_zombie_altar_yredelemnul,
          lemuel_temple_firewalk_b, minmay_vboxes
D:5:      layout_basic, minmay_manual_macuahuitl
D:6:      layout_rooms, mainiacjoe_overflow_surrounded_room, serial_shops,
          nicolae_book_shop_shelving, small_statue_intersection, uniq_sigmund
D:7:      layout_basic, serial_demonic, serial_demonic_d, serial_demonic_b,
          serial_demonic_f, serial_demonic_d, minmay_nine_imps
D:8:      layout_cave_pods, st_stairs_2
D:9:      layout_cave_pools, gammafunk_temple_overflow_wave,
          mainiacjoe_overflow_boulevard, enter_bailey_3, nrook_loot_triangle,
          minmay_liquid_box, hangedman_decor_push
D:10:     layout_cross, zin_statuary, lair_entry_dummy, nrook_pool_corridor,
          kennysheep_diamond, nicolae_shop_firing_range
D:11:     layout_roguey, uniq_erica
D:12:     minmay_two_paths, layout_basic, minmay_orc_entry_temple_small
Lair:1:   layout_regular_city, pdpol_lair_cabin_in_the_woods
Lair:2:   layout_gridlike, spider_nest_entry_rubble, st_stairs_6,
          kennysheep_snail_temple
Lair:3:   layout_chaotic_city, swamp_mist_pool, minmay_stone_trees_medium,
          grunt_megastairs_3
Lair:4:   layout_regular_city, chequers_serial_rivers_small_b
Lair:5:   guppyfry_lair_end_dragon, layout_cave_shapes,
          minmay_slime_entry_pillars, tgw_fedhas, lemuel_fruit_tree

Skill      XL: |  1  2  3  4  5  6  7  8  9 10 11 12 13 14 15 |
---------------+----------------------------------------------+-----
Stealth        | 2 3 4 6 10 14 | 14.0
Short Blades   | 2 3 4 6 8 11 12 14 | 14.0
Fighting       | 2 7 12 | 12.0
Dodging        | 6 8 12 15 16 | 16.7
Evocations     | 6 8 9 |  9.0
Throwing       | 2 4 |  4.0
Armour         | 2 7 8 |  8.0
Invocations    | 5 8 |  8.0

Action                     |  1- 3 |  4- 6 |  7- 9 | 10-12 | 13-15 || total
---------------------------+-------+-------+-------+-------+-------++-------
  Melee: Dagger            |    73 |       |   200 |       |    11 ||   284
         Club              |     4 |       |       |       |       ||     4
         Punch             |     1 |     2 |     3 |    10 |    21 ||    37
         Short sword       |    51 |   123 |    54 |   603 |   897 ||  1728
  Throw: Throwing net      |       |       |       |     4 |     2 ||     6
         Dart              |       |       |       |     2 |       ||     2
 Invoke: Ancestor Identity |       |     1 |       |       |       ||     1
         Ancestor Life: He |       |     1 |       |       |       ||     1
         Recall Ancestor   |       |       |     1 |       |       ||     1
         Idealise          |       |       |       |       |     3 ||     3
Ability: Begin Untransform |     1 |       |       |       |       ||     1
  Evoke: Wand              |     4 |    12 |    13 |    10 |     4 ||    43
    Use: Scroll            |     1 |     3 |     3 |    11 |     7 ||    25
         Potion            |       |       |     1 |       |     2 ||     3
   Stab: Sleeping          |    13 |    10 |    13 |    24 |    27 ||    87
         Confused          |       |     1 |     7 |    21 |    34 ||    63
         Distracted        |       |       |     5 |    13 |    24 ||    42
         Betrayed ally     |       |       |       |     1 |       ||     1
         Held in net/web   |       |       |       |     2 |     3 ||     5
         Paralysed         |       |       |       |       |     3 ||     3
 Armour: Leather armour    |    73 |     2 |       |       |       ||    75
         Ring mail         |       |    46 |    15 |       |   132 ||   193
         Troll leather arm |       |       |    35 |   107 |       ||   142
         Acid dragon scale |       |       |       |    37 |   106 ||   143
  Dodge: Dodged            |   118 |    57 |   101 |   362 |   681 ||  1319
   Form: Beast             |     1 |       |       |       |       ||     1

Table legend: (Time is in decaauts)
 A = Elapsed time spent in this place.
 B = Non-inter-level travel time spent in this place.
 C = Inter-level travel time spent in this place.
 D = Time resting spent in this place.
 E = Time spent auto-exploring this place.
 F = Levels seen in this place.
 G = Mean time per level.
                   A        B        C        D        E       F      G
               +--------+--------+--------+--------+--------+-----+--------+
         Total |  18521 |  17777 |    744 |    734 |  12385 |  18 | 1028.9 |
       Dungeon |  12019 |  11494 |    525 |    456 |   8434 |  12 | 1001.6 |
          Lair |   6108 |   5890 |    218 |    278 |   3951 |   5 | 1221.6 |
        Bailey |    394 |    394 |      0 |      0 |      0 |   1 |  394.0 |
               +--------+--------+--------+--------+--------+-----+--------+

Top non-repeatable levels by time:
  Lair:5: 1695 daAuts
     D:5: 1515 daAuts
     D:3: 1283 daAuts
  Lair:1: 1250 daAuts
     D:4: 1202 daAuts
    D:12: 1201 daAuts
  Lair:2: 1153 daAuts
     D:7: 1085 daAuts
  Lair:4: 1017 daAuts
    D:10: 1011 daAuts
  Lair:3: 991 daAuts
    D:11: 928 daAuts
     D:8: 920 daAuts
     D:2: 897 daAuts
     D:9: 717 daAuts
